 Dungeon Crawl Stone Soup version 0.29.0-13-gc9e81de378 (webtiles) character file.

Game seed: 1747816365323786059

44 ImASeal the Trooper (level 3, -8/37 HPs)
             Began as a Troll Fighter on Sept 7, 2022.
             Killed from afar by an orc (19 damage)
             ... with a bolt of light
             ... on level 2 of the Dungeon.
             The game lasted 00:02:13 (1140 turns).

ImASeal the Trooper (Troll Fighter)                 Turns: 1140, Time: 00:02:14

Health: -8/37      AC:  5    Str: 26    XL:     3   Next: 39%
Magic:  2/2        EV:  8    Int:  4    God:
Gold:   49         SH:  7    Dex:  9    Spells: 2/2 levels left

rFire   . . .      SeeInvis .   a - +0 flail
rCold   . . .      Faith    .   c - +0 kite shield
rNeg    . . .      Spirit   .   b - +0 robe
rPois   .          Reflect  .   (helmet restricted)
rElec   .          Harm     .   n - +0 cloak
rCorr   .          Rampage  .   (gloves unavailable)
Will    .....                   (boots unavailable)
Stlth   +.........              (no amulet)
HPRegen 0.92/turn               (no ring)
MPRegen 0.08/turn               (no ring)

@: no status effects
A: large, unfitting armour, claws 3, regeneration 1, shaggy fur 1, tough skin 1
a: no special abilities


You were on level 2 of the Dungeon.
You visited 1 branch of the dungeon, and saw 2 of its levels.

You collected 49 gold pieces.

Inventory:

Hand Weapons
 a - a +0 flail (weapon)
 m - a +2 short sword of speed
Missiles
 i - a throwing net (quivered)
Armour
 b - a +0 robe (worn)
 c - a +0 kite shield (worn)
 n - a +0 cloak (worn)
Scrolls
 f - 2 scrolls of teleportation {unknown}
 g - a scroll of amnesia {unknown}
 l - 2 scrolls of identify {unknown}
 p - a scroll of blinking {unknown}
 r - a scroll of brand weapon {unknown}
 t - 2 scrolls of noise {unknown}
Potions
 d - a potion of might
 e - 2 potions of degeneration {unknown}
 h - a potion of heal wounds {unknown}
 j - a potion of lignification {unknown}
 k - 3 potions of curing {unknown}
 o - a potion of resistance {unknown}
 q - a potion of mutation {unknown}
 s - a potion of haste {unknown}


   Skills:
 * Level 3.6 Fighting
 - Level 1.8 Maces & Flails
 - Level 2.4 Dodging
 - Level 2.7 Shields


You had 2 spell levels left.
You didn't know any spells.
Your spell library was empty.

Dungeon Overview and Level Annotations

Branches:
Dungeon (2/15)

Altars:

Shops:
D:1 [


Innate Abilities, Weirdness & Mutations

You are too large for most types of armour.
You have claws for hands.
Your natural rate of healing is unusually fast.
You are covered in fur. (AC +1)
You have tough skin. (AC +1)


Message History

You feel stronger. x3
You closely miss the adder. The adder barely misses you.
The adder bites you but does no damage.
You closely miss the adder. The adder closely misses you.
You block the adder's attack.
You sock the adder!
You kill the adder!
Things that are here:
an adder corpse; an adder corpse You now have 49 gold pieces (gained 7).
An orc wizard comes into view.
It is wielding a +0 dagger. 2 orcs come into view.
An orc is wielding a +0 dagger and carrying a wand of light (3).
The orc wizard shouts!
The orc shouts! x2
The orc wizard casts a spell.
The orc wizard flickers and vanishes!
Deactivating autopickup; reactivate with Ctrl-A.
You hear some strange, mumbled words.
A magic dart appears from out of thin air!
The magic dart hits you.
You hit the orc.
The orc is almost dead.
Something hits you but does no damage. The orc hits you but does no damage.
The orc zaps a wand.
The bolt of light hits you!
An orc comes into view. It is wielding a +0 mace.
You block the orc's attack. Something hits you but does no damage.
You hit the orc.
You kill the orc!
Something hits you. You block the orc's attack.
You closely miss the orc.
You hear some strange, mumbled words.
A magic dart appears from out of thin air!
The magic dart hits you. The orc hits you with a +0 dagger.
You hear some strange, mumbled words.
A magic dart appears from out of thin air!
The magic dart hits you.
* * * LOW HITPOINT WARNING * * *
The orc zaps a wand.
The bolt of light hits you!!
Ouch! That really hurt!
You die...

...# ##
#..# .##..#
##.#o.#
#.#...#
##.#..#
#...{o#
#.#)@#
#....#
#..#.#
#....#
####.#
#...# #
######.###
..
#.##......#
..#
........###
#.#


You could see 2 orcs.

Vanquished Creatures
  2 adders (D:2)
  A worm (D:2)
  3 dart slugs
  An orc (D:2)
  3 ball pythons
  An endoplasm (D:1)
  3 bats (D:1)
  A frilled lizard (D:1)
  3 kobolds (D:1)
  A rat (D:1)
19 creatures vanquished.

Notes
Turn   | Place    | Note
-------+----------+-------------------------------------------
     0 | D:1      | ImASeal the Troll Fighter began the quest for the Orb.
     0 | D:1      | Reached XP level 1. HP: 22/22 MP: 0/0
   328 | D:1      | Found Haliupp's Antique Armour Shoppe.
   375 | D:1      | Reached XP level 2. HP: 28/29 MP: 1/1
   976 | D:2      | Reached skill level 3 in Fighting
  1100 | D:2      | Reached XP level 3. HP: 19/37 MP: 2/2
  1140 | D:2      | Killed from afar by an orc

Illustrated notes

Levels and vault maps discovered:
D:1:      dpeg_arrival_more_subterranean_lakeside_camping, layout_basic,
          serial_shops, shop, minivault_5, hex_intersection
D:2:      layout_rooms, hellmonk_ecumenical_altar_crossroads,
          minmay_misc_feat_rugged, minivault_26, minmay_joined_circles

Skill      XL: |  1  2 |
---------------+-------+-----
Fighting       | 3 |  3.6
Maces & Flails | |  1.8
Dodging        | |  2.4
Shields        | |  2.7

Action                   || total
-------------------------++-------
Melee: Flail             ||    80
       Short sword       ||    19
Armor: Robe              ||    48
Dodge: Dodged            ||    43
Block: Kite shield       ||    35
